 Dungeon Crawl Stone Soup version 0.28-a0-1524-ge72afd5fc6 (webtiles) character file.

Game seed: 1451634006067798093

3 psuckher the Sneak (level 1, -4/18 HPs)
             Began as a Barachi Delver on Jan 17, 2022.
             Slain by a water moccasin skeleton (7 damage)
             ... on level 5 of the Dungeon.
             The game lasted 00:00:38 (74 turns).

psuckher the Sneak (Barachi Delver)                   Turns: 74, Time: 00:00:39

Health: -4/18      AC:  3    Str: 13    XL:     1   Next: 50%
Magic:  1/1        EV: 12    Int: 10    God:
Gold:   12         SH:  0    Dex: 13    Spells: 0/0 levels left

rFire   . . .      SeeInvis .   a - +0 falchion
rCold   . . .      Faith    .   (no shield)
rNeg    . . .      Spirit   .   b - +0 leather armour
rPois   .          Reflect  .   (no helmet)
rElec   .          Harm     .   (no cloak)
rCorr   .          Rampage  .   (no gloves)
Will    .....                   (no boots)
Stlth   ++........              (no amulet)
HPRegen 0.06/turn               (no ring)
MPRegen 0.07/turn               (no ring)

@: slow
A: amphibious, slowness 1, strong legs 1, +LOS
a: Hop


You were on level 5 of the Dungeon.
You visited 1 branch of the dungeon, and saw 1 of its levels.

You collected 12 gold pieces.

Inventory:

Hand Weapons
 a - a +0 falchion (weapon)
Armour
 b - a +0 leather armour (worn)
Wands
 g - a wand of digging (3)
 h - a wand of iceblast (10)
Scrolls
 c - a scroll of fog
 d - a scroll of magic mapping
 e - a scroll of fear
Potions
 f - a potion of haste


   Skills:
 + Level 3.6 Fighting
 + Level 2.4 Long Blades
 + Level 2.1 Dodging
 + Level 4.7 Stealth


You couldn't memorise any spells.
You didn't know any spells.
Your spell library contained the following spells:

 Spells                   Type           Power      Damage    Failure   Level
 Tukima's Dance           Hex            0%         N/A       82%         3
 Passage of Golubria      Tloc           0%         N/A       99%         4
 Yara's Violent Unravell  Hex/Tmut       0%         3d3       100%        5


Dungeon Overview and Level Annotations

Branches:
Dungeon (5/15)
 Temple: D:4-7

Altars:


Innate Abilities, Weirdness & Mutations

You are amphibious.
You cover ground slowly.
You can hop short distances.
You have an extended range of vision and can be seen from far away.


Message History

The adder skeleton is severely damaged.
The adder skeleton misses you.
The adder skeleton bites you but does no damage.
You hit the adder skeleton.
You destroy the adder skeleton!
Found 12 gold pieces.
Found a stone staircase leading up.
You now have 12 gold pieces.
Found a blackened brass wand.
Found a scroll labelled KAFIR RITHRUREP.
A water moccasin skeleton comes into view.
Found a short sword and 5 gold pieces.
You see here a wand of iceblast (11).
You see here a wand of iceblast (11).
h - a wand of iceblast (11)
Aiming: Iceblast
Press: ? - help, Shift-Dir - straight line, f - water moccasin skeleton
Aim: a water moccasin skeleton (dormant)
Okay, then.
Aiming: Iceblast
Press: ? - help, Shift-Dir - straight line, f - water moccasin skeleton
Aim: a water moccasin skeleton (dormant)
The mass of ice explodes!
The iceblast engulfs the water moccasin skeleton!
The water moccasin skeleton partially resists.
The water moccasin skeleton is moderately damaged.
You hear a shout!
Found 15 stones.
Found a stone staircase leading up.
The water moccasin skeleton bites you but does no damage.
The water moccasin skeleton bites you. x2
You hit the water moccasin skeleton but do no damage.
The water moccasin skeleton is moderately damaged.
The water moccasin skeleton completely misses you.
You hit the water moccasin skeleton.
The water moccasin skeleton is heavily damaged.
The water moccasin skeleton bites you!
* * * LOW HITPOINT WARNING * * *
You hit the water moccasin skeleton.
The water moccasin skeleton is severely damaged.
The water moccasin skeleton bites you!
You die...

........
......(<.##
..........#
..........######
...............##
........?......$#
...............#
.............).#
.........@Z...#
............###
..........###
.........##
##.......# ....##
###.....##
......## ###.#..#
.......### ###..#
.........## #..#


You could see a water moccasin skeleton.

Vanquished Creatures
  An adder skeleton (D:5)
1 creature vanquished.

Notes
Turn   | Place    | Note
-------+----------+-------------------------------------------
     0 | D:5      | psuckher the Barachi Delver began the quest for the Orb.
     0 | D:5      | Reached XP level 1. HP: 18/18 MP: 1/1
    74 | D:5      | Slain by a water moccasin skeleton

Illustrated notes

Levels and vault maps discovered:
D:5:      layout_cave_pods, old_standard_altar, ebering_ghost_disaster_area,
          saegor_snake_ambush, uniq_grinder

Action                   || total
-------------------------++-------
Melee: Falchion          ||    12
Evoke: Wand              ||     1
Armor: Leather armour    ||     4
Dodge: Dodged            ||     8

Table legend: (Time is in decaauts)
 A = Elapsed time spent in this place.
 B = Non-inter-level travel time spent in this place.
 C = Inter-level travel time spent in this place.
 D = Time resting spent in this place.
 E = Time spent auto-exploring this place.
 F = Levels seen in this place.
 G = Mean time per level.
                   A        B        C        D        E       F      G
               +--------+--------+--------+--------+--------+-----+--------+
         Total |     87 |     87 |      0 |      0 |      0 |   1 |   87.0 |
       Dungeon |     87 |     87 |      0 |      0 |      0 |   1 |   87.0 |
               +--------+--------+--------+--------+--------+-----+--------+

Top non-repeatable levels by time:
     D:5: 87 daAuts
